 Dungeon Crawl Stone Soup version 0.29.1-15-g9cfb28693d (webtiles) character file.

Game seed: 7025372724631098742

68 promet the Firebug (level 4, 0/34 HPs)
             Began as a Draconian Fire Elementalist on Mar 16, 2023.
             Slain by Sigmund
             ... wielding a +0 scythe
              (6 damage)
             ... on level 2 of the Dungeon.
             The game lasted 00:14:48 (2715 turns).

promet the Firebug (Draconian Fire Elementalist)    Turns: 2715, Time: 00:14:48

Health: 0/34       AC:  5    Str: 12    XL:     4   Next: 1%
Magic:  3/7        EV: 12    Int: 15    God:
Gold:   135        SH:  0    Dex: 12    Spells: 6/7 levels left

rFire   . . .      SeeInvis .   a - +2 short sword (venom)
rCold   . . .      Faith    .   (no shield)
rNeg    . . .      Spirit   .   (body armour unavailable)
rPois   .          Reflect  .   (helmet restricted)
rElec   .          Harm     .   (no cloak)
rCorr   .          Rampage  .   (no gloves)
Will    .....                   (no boots)
Stlth   +.........              i - amulet of the acrobat
HPRegen 0.11/turn               (no ring)
MPRegen 0.10/turn               (no ring)

@: confused
A: AC +5, unfitting armour, cold-blooded
a: no special abilities


You were on level 2 of the Dungeon.
You visited 1 branch of the dungeon, and saw 2 of its levels.

You collected 135 gold pieces.

Inventory:

Hand Weapons
 a - a +2 short sword of venom (weapon)
 b - a +0 sling
 w - a +0 short sword
Missiles
 e - 4 poisoned darts
 f - 8 stones
Jewellery
 i - an amulet of the acrobat (around neck)
Potions
 d - a potion of heal wounds {unknown}
 g - 2 potions of brilliance {unknown}
 j - a potion of mutation {unknown}


   Skills:
 + Level 0.4 Fighting
 + Level 0.4 Short Blades
 + Level 2.4 Dodging
 + Level 2.2 Stealth
 + Level 2.4 Spellcasting
 + Level 1.4 Conjurations
 + Level 3.5 Fire Magic


You had 6 spell levels left.
You knew the following spells:

 Your Spells              Type           Power      Damage    Failure   Level
a - Foxfire               Conj/Fire      36%        2x1d5     8%          1

Your spell library contained the following spells:

 Spells                   Type           Power      Damage    Failure   Level
 Scorch                   Fire           24%        2d6       8%          2
 Shock                    Conj/Air       16%        1d4       16%         1
 Conjure Flame            Conj/Fire      9%         6-21      22%         3
 Inner Flame              Hex/Fire       7%         N/A       30%         3
 Swiftness                Air            1%         N/A       54%         3
 Flame Wave               Conj/Fire      9%         2d6       58%         4
 Airstrike                Air            0%         2d(1-17)  91%         4


Dungeon Overview and Level Annotations

Branches:
Dungeon (2/15)

Altars:

Shops:
D:1 ?

Annotations:
D:2 Sigmund


Innate Abilities, Weirdness & Mutations

Your plain brown scales are hard. (AC +5)
You cannot fit into any form of body armour.
You are cold-blooded and may be slowed by cold attacks.


Message History

Sigmund mumbles some strange words.
Sigmund flickers and vanishes!
Deactivating autopickup; reactivate with Ctrl-A.
The foxfire hits something. x2; Something completely misses you.
Casting: Foxfire (safe; 8% risk of failure)
Confirm with . or Enter, or press ? or * to list all spells.
You conjure some foxfire!
You hear some strange, mumbled words.
A puff of flame appears from out of thin air!
The puff of flame hits you!
Casting: Foxfire (safe; 8% risk of failure)
Confirm with . or Enter, or press ? or * to list all spells.
You don't know that spell.
The foxfire hits something. x2
A magic dart appears from out of thin air!
The magic dart hits you!
Casting: Foxfire (safe; 8% risk of failure)
Confirm with . or Enter, or press ? or * to list all spells.
You conjure some foxfire!
Something hits you!
* * * LOW HITPOINT WARNING * * *
The foxfire hits something but does no damage.
The foxfire hits something.
Something completely misses you.
You hit something. Something barely misses you.
You closely miss something.
Casting: Foxfire (safe; 8% risk of failure)
Confirm with . or Enter, or press ? or * to list all spells.
You conjure some foxfire!
Something hits you.
* * * LOW HITPOINT WARNING * * *
Your foxfire dissipates!
The foxfire hits something.
Something completely misses you.
You hear some strange, mumbled words.
You are confused.
You're too confused to cast spells.
Sorry, you're not good enough to have a special ability.
You're too confused to cast spells.
Sorry, you're not good enough to have a special ability.
You bump into the rock wall.
You're too confused to move!
Something hits you.
You die...

.........#.#..>.######.........#
.....###.#.#.#.## #.........#
.<...###.#.#.#.# #.........#
#........#.#.#.#### ###########
#######..#.# ###.°# #........#.#
#.# #.#####.##.# ##.#
#..........# #..# ########.#####
#@## ...........#.# #°#
########.#...# #.# #.#######.#
#.........# ###########


There were no monsters in sight!

Vanquished Creatures
  Robin (D:2)
  2 worms (D:2)
  A dart slug (D:2)
  A ball python (D:1)
  A bat (D:1)
  5 endoplasms
  4 giant cockroaches
  5 goblins (D:2)
  10 hobgoblins
  5 jackals
  A kobold (D:2)
  A quokka (D:1)
  A frilled lizard (D:1)
  2 rats (D:2)
40 creatures vanquished.

Vanquished Creatures (others)
  76 foxfires
76 creatures vanquished.

Grand Total: 116 creatures vanquished

Notes
Turn   | Place    | Note
-------+----------+-------------------------------------------
     0 | D:1      | promet the Draconian Fire Elementalist began the quest for
                  | the Orb.
     0 | D:1      | Reached XP level 1. HP: 14/14 MP: 3/3
   196 | D:1      | Found a faded altar of an unknown god.
   432 | D:1      | Reached XP level 2. HP: 20/20 MP: 5/5
  1110 | D:1      | Found Ahialio's Magic Scroll Shoppe.
  1358 | D:2      | Noticed Robin
  1392 | D:2      | Reached XP level 3. HP: 10/26 MP: 4/6
  2013 | D:2      | Killed Robin
  2633 | D:2      | Reached XP level 4. HP: 30/34 MP: 7/7
  2696 | D:2      | Noticed Sigmund
  2715 | D:2      | Slain by Sigmund

Illustrated notes

Levels and vault maps discovered:
D:1:      amcnicky_arrival_choice, layout_basic, serial_shops, shop_scrolls,
          dreamdust_ecumenical_altar_angels_and_demons, minmay_tetromino_t2
D:2:      layout_basic, amethyst_killhole, uniq_sigmund, uniq_robin,
          uniq_crazy_yiuf_cottage

Skill      XL: |  1  2  3 |
---------------+----------+-----
Dodging        | 2 |  2.4
Stealth        | 2 |  2.2
Fighting       | |  0.4
Short Blades   | |  0.4
Spellcasting   | |  2.4
Conjurations   | |  1.4
Fire Magic     | |  3.5

Action                   |  1- 3 |  4- 6 || total
-------------------------+-------+-------++-------
Melee: Short sword       |    68 |     2 ||    70
       Punch             |     1 |       ||     1
       Tailslap          |     8 |       ||     8
 Cast: Foxfire           |    42 |     5 ||    47
  Use: Scroll            |     2 |     1 ||     3
       Potion            |     1 |     1 ||     2
 Stab: Sleeping          |     1 |       ||     1
Armor: Skin              |    24 |       ||    24
Dodge: Dodged            |    75 |     6 ||    81
